 Dungeon Crawl Stone Soup version 0.29.1-2-gbd0b4ee654 (webtiles) character file.

Game seed: 12918731403152635201

51 safid the Shooter (level 3, -2/33 HPs)
             Began as a Minotaur Hunter on Nov 23, 2022.
             Slain by Robin
             ... wielding a +0 spear
              (4 damage)
             ... on level 1 of the Dungeon.
             The game lasted 00:03:20 (1263 turns).

safid the Shooter (Minotaur Hunter)                 Turns: 1263, Time: 00:03:20

Health: -2/33      AC:  5    Str: 15    XL:     3   Next: 58%
Magic:  2/2        EV: 12    Int:  6    God:
Gold:   13         SH:  0    Dex: 15    Spells: 2/2 levels left

rFire   . . .      SeeInvis .   a - +0 shortbow
rCold   . . .      Faith    .   (shield currently unavailable)
rNeg    . . .      Spirit   .   f - +2 leather armour {Will+}
rPois   .          Reflect  .   (helmet restricted)
rElec   .          Harm     .   (no cloak)
rCorr   .          Rampage  .   (no gloves)
Will    +....                   (no boots)
Stlth   +.........              (no amulet)
HPRegen 0.11/turn               (no ring)
MPRegen 0.08/turn               (no ring)

@: no status effects
A: horns 2, retaliatory headbutt
a: no special abilities


You were on level 1 of the Dungeon.
You visited 1 branch of the dungeon, and saw 2 of its levels.

You collected 43 gold pieces.
You spent 30 gold pieces at shops.

Inventory:

Hand Weapons
 a - a +0 shortbow (weapon)
Armour
 f - a +2 leather armour of willpower (worn)
Scrolls
 c - a scroll of blinking {unknown}
 e - a scroll of vulnerability {unknown}
 i - a scroll of identify {unknown}
Potions
 b - a potion of brilliance {unknown}
 d - a potion of attraction {unknown}
 g - a potion of flight {unknown}
 h - a potion of haste {unknown}
 j - a potion of curing


   Skills:
 + Level 3.9 Fighting
 + Level 5.2 Ranged Weapons
 - Level 2.1 Dodging
 - Level 0.7 Stealth


You had 2 spell levels left.
You didn't know any spells.
Your spell library was empty.

Dungeon Overview and Level Annotations

Branches:
Dungeon (2/15)

Altars:

Shops:
D:1 !

Annotations:
D:1 Robin


Innate Abilities, Weirdness & Mutations

You have a pair of horns on your head.
You reflexively headbutt those who attack you in melee.


Message History

Aim: a goblin, wielding a +0 mace (strong, 55% to hit)
You shoot an arrow. The arrow closely misses the goblin.
Robin hits you but does no damage. The goblin hits you with a +0 dagger.
The goblin hits you but does no damage.
Unknown command.
Fire: a) +0 shortbow
Press: ? - help, Q - select action Shift-Dir - straight line, f/p - goblin
Aim: a goblin, wielding a +0 mace (strong, 55% to hit)
You shoot an arrow. The arrow closely misses the goblin.
Robin barely misses you. The goblin hits you with a +0 dagger.
* * * LOW HITPOINT WARNING * * *
The goblin hits you with a +0 mace.
* * * LOW HITPOINT WARNING * * *
Unknown command.
Fire: a) +0 shortbow
Press: ? - help, Q - select action Shift-Dir - straight line, f/p - goblin
Aim: a goblin, wielding a +0 mace (strong, 55% to hit)
You shoot an arrow. The arrow hits the goblin!
You kill the goblin!
Robin hits you but does no damage. The goblin barely misses you.
Robin closely misses you. The goblin closely misses you.
Fire: a) +0 shortbow
Press: ? - help, Q - select action Shift-Dir - straight line, f - goblin
Aim: a goblin, wielding a +0 dagger (strong, 55% to hit)
You shoot an arrow. The arrow hits the goblin.
You kill the goblin!
Robin hits you but does no damage.
Fire: a) +0 shortbow
Press: ? - help, Q - select action Shift-Dir - straight line, f - Robin
Aim: Robin, wielding a +0 spear, wearing a +0 animal skin and wearing a +1 helmet (severely wounded, 69% to hit)
You shoot an arrow. The arrow hits Robin.
Robin is almost dead.
Robin hits you with a +0 spear.
* * * LOW HITPOINT WARNING * * *
Fire: a) +0 shortbow
Press: ? - help, Q - select action Shift-Dir - straight line, f/p - Robin
Aim: Robin, wielding a +0 spear, wearing a +0 animal skin and wearing a +1 helmet (almost dead, 69% to hit)
You shoot an arrow. The arrow closely misses Robin.
Robin hits you with a +0 spear.
You die...

≈##...##~...##+## #..).....#
≈≈#####~~~.##...## #.##.###.#
≈≈≈≈≈≈≈~~..#.....## #.##.# #.#
≈≈≈≈≈≈≈≈~.#.......## ##.##.###.#
~~≈~≈≈~~...........####...#..##.#
~~~~≈~~..........(.+.......#.##.#
....~~..##.........####...##.##)#
.#.....####....g))## ##........#
.#.##.## ##...)@## ##.#######
.#.##.# ##..)## #.# ..†...# ##'##
#.# ##.#### #.# #.# #.#
###.###### #.#
#.#########........# #.#
#..............###.# #.#
###########.....##.# #.#
##...###.#####.#


You could see Robin.

Vanquished Creatures
  A dart slug (D:1)
  5 endoplasms
  11 goblins
  6 hobgoblins (D:1)
  4 quokkas (D:1)
  4 ball pythons (D:1)
  3 bats (D:1)
  A frilled lizard (D:1)
  4 kobolds (D:1)
  4 rats
43 creatures vanquished.

Vanquished Creatures (others)
  5 toadstools (D:2)
5 creatures vanquished.

Grand Total: 48 creatures vanquished

Notes
Turn   | Place    | Note
-------+----------+-------------------------------------------
     0 | D:1      | safid the Minotaur Hunter began the quest for the Orb.
     0 | D:1      | Reached XP level 1. HP: 18/18 MP: 0/0
    43 | D:1      | Found Foll's Distillery.
   246 | D:1      | Reached XP level 2. HP: 25/25 MP: 1/1
   693 | D:1      | Reached skill level 5 in Ranged Weapons
   695 | D:1      | Reached XP level 3. HP: 31/31 MP: 2/2
  1014 | D:1      | Bought a potion of curing for 30 gold pieces
  1051 | D:2      | Noticed Robin
  1263 | D:1      | Slain by Robin

Illustrated notes

Levels and vault maps discovered:
D:1:      minmay_arrival_shoal_huts, layout_loops_corners, serial_shops,
          nicolae_shop_crystal, minmay_misc_feat_alley, nrook_uturn
D:2:      layout_rooms, minmay_misc_feat_rugged, minmay_gold_behind_fungi,
          uniq_terence, uniq_jessica, uniq_robin

Skill      XL: |  1  2 |
---------------+-------+-----
Fighting       | 3 |  3.9
Ranged Weapons | 5 |  5.2
Dodging        | |  2.1
Stealth        | |  0.7

Action                   || total
-------------------------++-------
 Fire: Shortbow          ||   106
Armor: Leather armour    ||    33
Dodge: Dodged            ||    46
